 Dungeon Sprint DCSS version 0.18-a0-1312-gf98331d (webtiles) character file.

671 Kidiri the Basher (level 7, -3/79 HPs)
             Began as a Troll Berserker on Feb 14, 2016.
             Was a Priest of Trog.
             Slain by a boulder beetle (15 damage)
             ... in the Dungeon (Sprint II: "The Violet Keep of Menkaure").
             The game lasted 00:02:33 (361 turns).

Kidiri the Basher (Troll Berserker)                  Turns: 361, Time: 00:02:33

Health: -3/79      AC:  5    Str: 26    XL:     7   Next: 32%
Magic:  6/6        EV: 13    Int:  3    God:    Trog [***...]
Gold:   729        SH:  0    Dex: 11    Spells: 0 memorised, 6 levels left

rFire  . . .     SeeInvis .     a - +0 mace
rCold  . . .     Gourm    +     b - +0 animal skin
rNeg   . . .     Faith    .     (no shield)
rPois  .         Spirit   .     (helmet restricted)
rElec  .         Dismiss  .     (no cloak)
rCorr  .         Reflect  .     (gloves unavailable)
SustAt .         Harm     .     (boots unavailable)
MR     ++...     NoTele   +     (no amulet)
Stlth  +.........               (no ring)
                                (no ring)

@: exhausted, regenerating, slowed, very slow, very resistant to hostile
enchantments, very unstealthy
A: unfitting armour, claws 3, fast metabolism 3, gourmand, regeneration 2,
shaggy fur 1, tough skin 2
a: Berserk, Trog's Hand, Burn Spellbooks, Renounce Religion


You were in the Dungeon.
You worshipped Trog.
Trog was most pleased with you.
You were full.

You visited 1 branch You collected 729 gold pieces.

Inventory:

Hand Weapons
 a - a +0 mace (weapon)
Armour
 b - a +0 animal skin (worn)
Scrolls
 i - a scroll of blinking
Potions
 d - a potion of curing
 e - a potion of heal wounds
 f - a potion of haste
 g - 2 potions of magic
 h - a potion of berserk rage
Comestibles
 c - 2 bread rations


   Skills:
 * Level 7.6 Fighting
 * Level 8.3 Maces & Flails
 + Level 4.9 Armour
 * Level 7.6 Dodging


You had 6 spell levels left.
You didn't know any spells.

Dungeon Overview and Level Annotations

Branches:
Dungeon (1/1)

Altars:


Innate Abilities, Weirdness & Mutations

You are too large for most types of armour.
You have claws for hands.
Your metabolism is lightning-fast.
You like to eat raw meat.
You heal very quickly.
You are covered in fur (AC +1).
You have very tough skin (AC +2).


Message History

You are no longer berserk.
You are exhausted.
You feel yourself slow down. The boulder beetle misses you.
You hit the boulder beetle but do no damage.
The boulder beetle is heavily wounded.
The boulder beetle bites you!!
You hit the boulder beetle but do no damage.
The boulder beetle is heavily wounded.
Unknown command.
You hit the boulder beetle.
The boulder beetle is heavily wounded.
The boulder beetle bites you!!
* * * LOW HITPOINT WARNING * * *
The boulder beetle curls into a ball and starts rolling!
The boulder beetle smashes into the boulder beetle!
The boulder beetle stops rolling.
Your skin crawls.
You feel resistant to hostile enchantments.
You feel slightly less full. The boulder beetle bites you!
You die...

##+## ##.#.##
#.###.#
####.#÷####
##.###÷###.##
#...##.##...#
#'B<.+)#.+
#..$##B##...#
##.# #@###.##
#####.#####
#..#..#
##.#.## ##+##


You could see 2 boulder beetles.

Vanquished Creatures
  A siren (D)
  2 hippogriffs (D)
  4 worker ants (D)
7 creatures vanquished.

Vanquished Creatures (others)
  A crocodile (D)
1 creature vanquished.

Grand Total: 8 creatures vanquished

Notes
Turn   | Place    | Note
--------------------------------------------------------------
     0 | D        | Kidiri the Troll Berserker began the quest for the Orb.
     0 | D        | Reached XP level 1. HP: 22/22 MP: 0/0
     1 | D        | Noticed a boulder beetle
     1 | D        | Noticed a boulder beetle
     4 | D        | Noticed a worker ant
     4 | D        | Noticed a worker ant
     9 | D        | Killed a worker ant
     9 | D        | Reached skill level 3 in Fighting
     9 | D        | Reached skill level 1 in Armour
     9 | D        | Reached XP level 2. HP: 31/31 MP: 1/1
    17 | D        | Reached ** piety under Trog
    17 | D        | Reached skill level 4 in Maces & Flails
    17 | D        | Reached XP level 3. HP: 24/39 MP: 2/2
    22 | D        | Killed a crocodile
    81 | D        | Reached XP level 4. HP: 48/48 MP: 3/3
    86 | D        | Reached skill level 5 in Maces & Flails
   123 | D        | Noticed a siren
   138 | D        | Killed a siren
   138 | D        | Reached *** piety under Trog
   138 | D        | Reached skill level 6 in Fighting
   138 | D        | Reached skill level 7 in Maces & Flails
   138 | D        | Reached XP level 5. HP: 42/61 MP: 4/4
   138 | D        | Reached XP level 6. HP: 47/68 MP: 5/5
   188 | D        | Noticed a hippogriff
   188 | D        | Noticed a hippogriff
   194 | D        | Killed a hippogriff
   194 | D        | Reached skill level 8 in Maces & Flails
   194 | D        | Reached XP level 7. HP: 78/78 MP: 6/6
   200 | D        | Killed a hippogriff
   361 | D        | Slain by a boulder beetle

Vault maps used:
D:        the_violet_keep_of_menkaure

Action                   |  1- 3 |  4- 6 |  7- 9 || total
-------------------------+-------+-------+-------++-------
Melee: Mace              |    17 |    21 |    37 ||    75
Invok: Berserk           |     2 |     2 |     2 ||     6
       Trog's Hand       |       |       |     1 ||     1
  Eat: Chunk             |     3 |     4 |     5 ||    12
